 Dungeon Crawl Stone Soup version 0.30-a0-939-gc8157cb160 (webtiles) character file.

Game seed: 4585616882153105012

208 fozzywoppz the Gusty (level 5, -1/38 HPs)
             Began as a Draconian Air Elementalist on Mar 25, 2023.
             Was an Initiate of Sif Muna.
             Slain by a black bear (5 damage)
             ... on level 4 of the Dungeon.
             The game lasted 00:17:56 (4016 turns).

fozzywoppz the Gusty (Draconian Air Elementalist)   Turns: 4016, Time: 00:17:57

Health: -1/38      AC:  6    Str: 10    XL:     5   Next: 55%
Magic:  0/9        EV: 12    Int: 17    God:    Sif Muna [......]
Gold:   173        SH:  0    Dex: 12    Spells: 6/9 levels left

rFire   x . .      SeeInvis .    f - +0 dagger
rCold   + . .      Faith    .    (no shield)
rNeg    . . .      Spirit   .    (body armour unavailable)
rPois   .          Reflect  .    (helmet restricted)
rElec   .          Rampage  .    i - +0 cloak
rCorr   .                        (no gloves)
Will    .....                    (no boots)
Stlth   ++                       (no amulet)
HPRegen 0.26/turn                t - ring of ice
MPRegen 0.11/turn                (no ring)

@: no status effects
A: AC +5, unfitting armour, cold-blooded
a: Renounce Religion


You were on level 4 of the Dungeon.
You worshipped Sif Muna.
Sif Muna was noncommittal.
You visited 2 branches of the dungeon, and saw 5 of its levels.

You collected 173 gold pieces.

Inventory:

Hand Weapons
 f - a +0 dagger (weapon)
Missiles
 b - 3 boomerangs
 h - 9 poisoned darts
Armour
 i - a +0 cloak (worn)
Jewellery
 t - a ring of ice (left hand)
 v - a +6 ring of dexterity
Wands
 l - a wand of polymorph (9)
Scrolls
 c - a scroll of poison {unknown}
 d - a scroll of noise
 g - a scroll of vulnerability {unknown}
 j - a scroll of magic mapping {unknown}
 q - 2 scrolls of teleportation
 r - a scroll of immolation {unknown}
Potions
 a - a potion of magic
 e - 2 potions of haste
 k - 2 potions of lignification
 m - a potion of attraction
 n - a potion of invisibility
 o - 3 potions of curing
 p - 2 potions of might
 s - a potion of brilliance
 u - a potion of ambrosia {unknown}


   Skills:
 + Level 3.0 Dodging
 + Level 2.8 Stealth
 + Level 2.9 Spellcasting
 - Level 2.0 Conjurations
 + Level 4.1 Air Magic


You had 6 spell levels left.
You knew the following spells:

 Your Spells              Type           Power      Damage    Failure   Level
a - Shock                 Conj/Air       48%        1d6       4%          1
b - Static Discharge      Conj/Air       24%        2-3/arc   8%          2

Your spell library contained the following spells:

 Spells                   Type           Power      Damage    Failure   Level
 Swiftness                Air            16%        N/A       10%         3
 Airstrike                Air            8%         2d(2-18)  32%         4


Dungeon Overview and Level Annotations

Branches:
Dungeon (4/15)             Temple (1/1) D:4

Altars:
Ashenzari
Fedhas
Gozag
Hepliaklqana
Kikubaaqudgha
Makhleb
Nemelex Xobeh
Okawaru
Qazlal
Ru
Sif Muna
Uskayaw
Vehumet
Xom
Yredelemnul


Innate Abilities, Weirdness & Mutations

Your plain brown scales are hard. (AC +5)
You cannot fit into any form of body armour.
You are cold-blooded and may be slowed by cold attacks.


Message History

Aiming: Shock (safe; 4% risk of failure)
Press: ? - help, Shift-Dir - straight line The zap hits the black bear but does no damage.
The black bear is heavily wounded.
The black bear bites you. The black bear claws you. x2
* * * LOW HITPOINT WARNING * * *
Unknown command.
You closely miss the black bear. You tail-slap the black bear.
The black bear is heavily wounded.
The black bear bites you.
* * * LOW HITPOINT WARNING * * *
The black bear claws you but does no damage.
The black bear claws you.
* * * LOW HITPOINT WARNING * * *
Okay, then.
Casting: Shock (safe; 4% risk of failure)
Confirm with . or Enter, or press ? or * to list all spells.
Aiming: Shock (safe; 4% risk of failure)
Press: ? - help, Shift-Dir - straight line The zap hits the black bear.
The black bear is severely wounded.
The zap misses the orc.
The zap hits the orc.
You kill the orc!
Sif Muna accepts your kill.
The zap hits the black bear.
The black bear is almost dead.
The black bear goes berserk!
You feel better. The black bear closely misses you.
The black bear barely misses you. The black bear closely misses you.
Your magical contamination has completely faded away.
Casting: Shock (safe; 4% risk of failure)
Confirm with . or Enter, or press ? or * to list all spells.
You don't have enough magic to cast this spell.
You completely miss the black bear.
The black bear is almost dead.
The black bear misses you. The black bear closely misses you.
The black bear claws you.
* * * LOW HITPOINT WARNING * * *
The black bear barely misses you. The black bear claws you.
You die...

.......#
###.≈...§§..≈.##
#.# #####+##
...≈≈≈≈≈≈≈≈≈.#
#.# #
............#
#.# #
....#..##### #.#
# ...#.# #.#
.... #.# #+# #.#
#.# #.# #.#
#.#########<#
#.# #.#
#.#.....@h).#
#.# #.#
#.#.#######.#
#.# #.# #.#.#
#.# #.# #.#
#.#.# #.# #.#
#.# #.#.# #.#
#.# #.###.#.###
#.# #.#
#.........# #.#
#o# #####.#.#.#
#.# #.#
#########.#.#.#
#.# #h#


You could see a black bear (berserk).

Vanquished Creatures
  A scorpion (D:4)
  An orc wizard (D:4)
  5 adders
  2 worms
  2 dart slugs
  5 orcs
  5 ball pythons
  3 endoplasms
  4 giant cockroaches
  5 goblins
  5 hobgoblins
  3 jackals (D:1)
  3 quokkas
  5 bats
  2 frilled lizards
  8 kobolds
  8 rats
67 creatures vanquished.

Notes
Turn   | Place    | Note
-------+----------+-------------------------------------------
     0 | D:1      | fozzywoppz the Draconian Air Elementalist began the quest
                  | for the Orb.
     0 | D:1      | Reached XP level 1. HP: 14/14 MP: 3/3
   293 | D:1      | Reached XP level 2. HP: 20/20 MP: 0/5
   779 | D:1      | Learned a level 2 spell: Static Discharge
  1397 | D:2      | Reached XP level 3. HP: 20/26 MP: 1/6
  2028 | D:2      | Found a faded altar of an unknown god.
  2176 | D:3      | Reached XP level 4. HP: 26/33 MP: 1/7
  3082 | D:4      | Noticed a black bear
  3124 | D:4      | Found a staircase to the Ecumenical Temple.
  3134 | Temple   | Entered the Ecumenical Temple
  3212 | Temple   | Became a worshipper of Sif Muna the Loreminder
  3494 | D:4      | Noticed a scorpion
  3505 | D:4      | Killed a scorpion
  3506 | D:4      | Reached skill level 4 in Air Magic
  3506 | D:4      | Reached XP level 5. HP: 19/38 MP: 0/9
  3876 | D:4      | Found a blossoming altar of Fedhas.
  3897 | D:4      | Noticed a black bear
  4016 | D:4      | Slain by a black bear

Illustrated notes

Levels and vault maps discovered:
D:1:      minmay_arrival_shattered_statue, layout_loops_corners,
          amethyst_killhole
D:2:      layout_rooms, shapermc_ecumenical_altar_hornbeckon,
          amcnicky_mini_rare_corridor_liquid
D:3:      layout_loops_ring
D:4:      layout_basic, mainiacjoe_overflow_concentric_impassable,
          minmay_temple_entry_ruins, grunt_ministairs_15
Temple:   eino_temple_lava

Skill      XL: |  1  2  3  4  5 |
---------------+----------------+-----
Dodging        | 2 3 |  3.0
Stealth        | 2 |  2.8
Conjurations   | 2 |  2.0
Air Magic      | 4 |  4.1
Spellcasting   | |  2.9

Action                     |  1- 3 |  4- 6 || total
---------------------------+-------+-------++-------
  Melee: Unarmed           |    28 |    14 ||    42
         Tailslap          |     5 |     3 ||     8
         Dagger            |       |     4 ||     4
   Cast: Shock             |    74 |    60 ||   134
         Static Discharge  |     7 |     7 ||    14
    Use: Potion            |       |     2 ||     2
         Scroll            |       |     8 ||     8
 Armour: Skin              |    15 |    25 ||    40
  Dodge: Dodged            |    35 |    31 ||    66

Table legend: (Time is in decaauts)
 A = Elapsed time spent in this place.
 B = Non-inter-level travel time spent in this place.
 C = Inter-level travel time spent in this place.
 D = Time resting spent in this place.
 E = Time spent auto-exploring this place.
 F = Levels seen in this place.
 G = Mean time per level.
                   A        B        C        D        E       F      G
               +--------+--------+--------+--------+--------+-----+--------+
         Total |   4020 |   3940 |     80 |     64 |   3067 |   5 |  804.0 |
       Dungeon |   3932 |   3852 |     80 |     64 |   3067 |   4 |  983.0 |
        Temple |     87 |     87 |      0 |      0 |      0 |   1 |   87.0 |
               +--------+--------+--------+--------+--------+-----+--------+

Top non-repeatable levels by time:
     D:1: 1383 daAuts
     D:3: 957 daAuts
     D:4: 869 daAuts
     D:2: 722 daAuts
  Temple: 87 daAuts
